 Dungeon Crawl Stone Soup version 0.29.0-4-gdea44cf6ec (webtiles) character file.

Game seed: 11112516766449951984

1330 Lutefisk the Firebug (level 8, -3/71 HPs)
             Began as a Hill Orc Fire Elementalist on Aug 26, 2022.
             Was an Initiate of Gozag.
             Slain by an ice beast (11 damage)
             ... on level 6 of the Dungeon.
             The game lasted 00:27:39 (3486 turns).

Lutefisk the Firebug (Hill Orc Fire Elementalist)   Turns: 3486, Time: 00:27:42

Health: -3/71      AC:  8    Str: 11    XL:     8   Next: 60%
Magic:  1/20       EV: 11    Int: 15    God:    Gozag
Gold:   662        SH:  0    Dex: 13    Spells: 5/11 levels left

rFire   . . .      SeeInvis .   E - +0 whip (venom)
rCold   . . .      Faith    .   (no shield)
rNeg    . . .      Spirit   .   B - +2 leather armour {Will+}
rPois   .          Reflect  .   G - +0 helmet
rElec   .          Harm     .   t - +0 cloak
rCorr   .          Rampage  .   o - +0 pair of gloves
Will    +....                   (no boots)
Stlth   ++........              m - amulet of the acrobat
HPRegen 0.21/turn               a - ring of magical power
MPRegen 0.17/turn               (no ring)

@: gold aura
A: no striking features
a: Renounce Religion, Potion Petition, Call Merchant, Bribe Branch


You were on level 6 of the Dungeon.
You worshipped Gozag.
Gozag was pleased with you.
You visited 2 branches of the dungeon, and saw 7 of its levels.
You also visited: Sewer.

You collected 733 gold pieces.
You paid 71 gold pieces to Gozag.

Inventory:

Hand Weapons
 i - a +0 hand axe
 s - a +2 quarterstaff of chaos
 v - a +0 war axe
 E - a +0 whip of venom (weapon)
 H - a +2 whip of flaming
Missiles
 q - a throwing net
 D - 12 poisoned darts (quivered)
 I - a curare-tipped dart
Armour
 j - a +1 robe of fire resistance
 o - a +0 pair of gloves (worn)
 t - a +0 cloak (worn)
 B - a +2 leather armour of willpower (worn)
 G - a +0 helmet (worn)
Magical Staves
 M - a staff of cold
Jewellery
 a - a ring of magical power (left hand)
 m - an amulet of the acrobat (around neck)
Wands
 r - a wand of flame (11)
 A - a wand of light (5)
 L - a wand of paralysis (10)
Scrolls
 d - 8 scrolls of identify {unknown}
 f - a scroll of enchant armour {unknown}
 g - a scroll of brand weapon {unknown}
 n - 4 scrolls of teleportation {unknown}
 p - a scroll of noise {unknown}
 w - a scroll of blinking {unknown}
 y - 2 scrolls of amnesia {unknown}
 F - a scroll of magic mapping {unknown}
Potions
 b - 3 potions of magic
 c - a potion of might {unknown}
 e - 4 potions of flight {unknown}
 k - 4 potions of invisibility {unknown}
 l - 5 potions of heal wounds {unknown}
 u - 2 potions of degeneration {unknown}
 x - 2 potions of curing {unknown}
 z - a potion of experience {unknown}
 C - a potion of attraction {unknown}
 J - a potion of cancellation {unknown}
 K - a potion of resistance


   Skills:
 * Level 6.9 Fighting
 - Level 2.0 Armour
 - Level 2.0 Dodging
 - Level 3.0 Stealth
 - Level 2.0 Spellcasting
 - Level 3.0 Conjurations
 - Level 7.0 Fire Magic
 - Level 3.0 Evocations


You had 5 spell levels left.
You knew the following spells:

 Your Spells              Type           Power      Damage    Failure   Level
a - Foxfire               Conj/Fire      64%        2x1d7     3%          1
b - Scorch                Fire           44%        2d7       2%          2
c - Conjure Flame         Conj/Fire      16%        6-21      11%         3

Your spell library contained the following spells:

 Spells                   Type           Power      Damage    Failure   Level
 Inner Flame              Hex/Fire       12%        N/A       21%         3
 Freeze                   Ice            4%         1d3       28%         1
 Ignite Poison            Fire/Tmut/Pois 8%         N/A       34%         3
 Flame Wave               Conj/Fire      16%        2d7       36%         4
 Ensorcelled Hibernation  Hex/Ice        2%         N/A       41%         2
 Mephitic Cloud           Conj/Pois/Air  4%         N/A       50%         3
 Frozen Ramparts          Ice            2%         1d1       65%         3
 Spider Form              Tmut/Pois      1%         N/A       65%         3
 Hailstorm                Conj/Ice       6%         3d4       83%         4
 Anguish                  Hex/Necr       0%         N/A       96%         4
 Freezing Cloud           Conj/Ice/Air   2%         6-21      99%         5


Dungeon Overview and Level Annotations

Branches:
Dungeon (6/15)             Temple (1/1) D:4           Sewer (visited)

Altars:
Cheibriados
Dithmenos
Elyvilon
Gozag
Hepliaklqana
Kikubaaqudgha
Makhleb
Nemelex Xobeh
Okawaru
Qazlal
Ru
Sif Muna
Trog
Uskayaw
Vehumet
Wu Jian
Yredelemnul
Zin
The Shining One


Message History

The shadow imp gestures at you. You resist with some effort.
The white imp attacks as you move away! The white imp misses you.
The ice beast attacks as you move away! The ice beast misses you.
The shadow imp spits at you. The ice beast attacks as you move away!
The ice beast completely misses you.
There is a stone staircase leading up here.
The white imp gestures at you. The puff of frost misses you.
The ice beast attacks as you move away! The ice beast hits you.
The ice beast freezes you!
A jelly comes into view.
Aiming: Paralyse
Press: ? - help, Shift-Dir - straight line, f - ice beast
Aim: an ice beast (severely wounded, chance to affect: 56%)
Okay, then.
Okay, then.
Casting: Scorch (safe; 2% risk of failure)
Confirm with . or Enter, or press ? or * to list all spells.
Okay, then.
Casting: Scorch (safe; 2% risk of failure)
Confirm with . or Enter, or press ? or * to list all spells.
Flames lash the white imp.
The white imp is burned terribly!
You kill the white imp!
The jelly quivers.
The ice beast hits you.
* * * LOW HITPOINT WARNING * * *
The ice beast freezes you!
* * * LOW HITPOINT WARNING * * *
Casting: Scorch (safe; 2% risk of failure)
Confirm with . or Enter, or press ? or * to list all spells.
You don't have enough magic to cast this spell.
Unknown command.
The air fills with toxic fumes!
As you read the scroll labelled GEVVUTR NEFF, it crumbles to dust.
It was a scroll of poison.
The ice beast hits you.
* * * LOW HITPOINT WARNING * * *
The ice beast freezes you!
You die...
Your body crumbles into a pile of gold.

..........................
.#.......§§§§.#§..#...###
##......§§§§.#§#..[#.#
.##......§§§§§§§....#..#
.........§§§§§#§......
..###......§§5§§..#.....
.............§l§###...##..
#............##Y§##...# .
...##.#......###@§#.###
.#...........####§#.#
#....#.......# J#
#....#.......# §#
.....##.......# §# +###.
#......... §§ .$$#.
#......####§§ $..#.
##..#### #§ _$.# #.##


You could see an ice beast, an iguana, a jelly and a shadow imp.

Vanquished Creatures
  A sky beast (D:6)
  An ogre (D:4)
  2 kobold brigands (Sewer)
  Blork the orc (D:4)
  2 bullfrogs (D:6)
  2 necrophages
  A scorpion (D:5)
  A howler monkey (D:5)
  Crazy Yiuf (D:2)
  A gnoll bouda (D:4)
  2 hounds
  A jelly (D:4)
  4 iguanas
  An orc wizard (D:4)
  11 gnolls (D:5)
  9 adders
  A white imp (D:6)
  An ufetubus (D:6)
  3 worms
  3 dart slugs
  8 orcs
  10 endoplasms
  6 giant cockroaches
  8 goblins
  6 hobgoblins
  4 jackals (D:2)
  2 quokkas
  8 ball pythons
  8 bats
  4 frilled lizards
  17 kobolds
  9 rats
  2 toadstools (D:5)
141 creatures vanquished.

Vanquished Creatures (collateral kills)
  3 foxfires
3 creatures vanquished.

Vanquished Creatures (others)
  249 foxfires
  5 fungi (D:5)
  2 plants (Sewer)
  2 toadstools (D:5)
258 creatures vanquished.

Grand Total: 402 creatures vanquished

Notes
Turn   | Place    | Note
-------+----------+-------------------------------------------
     0 | D:1      | Lutefisk the Hill Orc Fire Elementalist began the quest for
                  | the Orb.
     0 | D:1      | Reached XP level 1. HP: 14/14 MP: 3/3
   108 | D:1      | Reached skill level 1 in Fighting
   292 | D:1      | Reached XP level 2. HP: 16/24 MP: 2/4
   463 | D:2      | Found a faded altar of an unknown god.
   497 | D:2      | Reached XP level 3. HP: 29/31 MP: 5/5
   770 | D:2      | Reached XP level 4. HP: 27/38 MP: 6/6
   918 | D:2      | Found a runed translucent door.
   919 | D:2      | Noticed Crazy Yiuf
   924 | D:2      | Learned a level 2 spell: Scorch
   928 | D:2      | Learned a level 3 spell: Conjure Flame
   940 | D:2      | Killed Crazy Yiuf
   941 | D:2      | Reached skill level 1 in Armour
   941 | D:2      | Reached skill level 4 in Fire Magic
  1123 | D:3      | Reached XP level 5. HP: 46/46 MP: 7/7
  1462 | D:4      | Found a staircase to the Ecumenical Temple.
  1475 | Temple   | Entered the Ecumenical Temple
  1479 | Temple   | Became a worshipper of Gozag Ym Sagoz the Greedy
  1506 | D:4      | Reached skill level 5 in Fire Magic
  1506 | D:4      | Reached XP level 6. HP: 41/53 MP: 2/8
  1705 | D:4      | Noticed Blork the orc
  1710 | D:4      | Killed Blork the orc
  1711 | D:4      | Reached skill level 5 in Fighting
  1711 | D:4      | Reached skill level 1 in Evocations
  1881 | D:4      | Reached skill level 6 in Fire Magic
  1926 | D:4      | Reached XP level 7. HP: 58/61 MP: 3/10
  2108 | D:5      | Entered Level 5 of the Dungeon
  2156 | D:5      | Found an iron altar of Okawaru.
  2305 | D:5      | Found a glowing drain.
  2340 | Sewer    | Entered a sewer
  2959 | D:5      | Reached XP level 8. HP: 41/70 MP: 10/11
  3414 | D:6      | Reached skill level 7 in Fire Magic
  3471 | D:6      | Found a hide-covered altar of Uskayaw.
  3486 | D:6      | Slain by an ice beast

Illustrated notes

Levels and vault maps discovered:
D:1:      heliophobic_arrival_glass_houses, layout_loops_ring
D:2:      layout_loops_corners, ebering_ecumenical_altar_sacrificial,
          serial_glass, glass_columns_b, glass_columns_c, glass_columns_a,
          glass_columns_c, glass_columns_b, glass_columns_a, glass_columns_c,
          glass_columns_c, minmay_strange_pillars, minmay_strange_pillars,
          minmay_strange_pillars, feat_on_display, minmay_misc_feat_tiny,
          uniq_crazy_yiuf_cottage
D:3:      layout_loops_ring, st_stairs_9
D:4:      layout_basic, minmay_temple_entry_mini_moons, minmay_misc_feat_square,
          ldierk_geyser, minmay_fire_ice_demons, uniq_blork_the_orc
D:5:      layout_basic, old_standard_altar, gup_sewer_entry_glass,
          minmay_gold_behind_fungi
D:6:      layout_rooms, chequers_temple_overflow_minitemple,
          amcnicky_altar_gilded
Temple:   sentei_temple_godly_chess

Skill      XL: |  1  2  3  4  5  6  7  8 |
---------------+-------------------------+-----
Fighting       | 1 3 4 5 6 |  6.9
Armour         | 1 2 |  2.0
Conjurations   | 2 3 |  3.0
Fire Magic     | 4 5 6 7 |  7.0
Evocations     | 1 2 3 |  3.0
Spellcasting   | 2 |  2.0
Dodging        | 2 |  2.0
Stealth        | 3 |  3.0

Action                   |  1- 3 |  4- 6 |  7- 9 || total
-------------------------+-------+-------+-------++-------
Melee: Hand axe          |    45 |   126 |    22 ||   193
       Unarmed           |     3 |       |       ||     3
       Punch             |       |     1 |     1 ||     2
       Whip              |       |       |    36 ||    36
Throw: Dart              |       |       |     6 ||     6
 Cast: Foxfire           |    42 |    36 |    70 ||   148
       Scorch            |       |    32 |    48 ||    80
       Conjure Flame     |       |     2 |     2 ||     4
  Use: Scroll            |       |       |     1 ||     1
 Stab: Sleeping          |       |     1 |     1 ||     2
Armor: Robe              |    14 |    57 |       ||    71
       Leather armour    |       |       |    39 ||    39
Dodge: Dodged            |    59 |    99 |   111 ||   269
